Map: [ESL] Hard Lead

Players

GuMiho

  • Race: Terran Terran
  • Spawn Location: 11:00

HeroMarine - Winner!

  • Race: Terran Terran
  • Spawn Location: 5:00

Event: IEM Katowice 2024

VOD

Have the link to the VOD?

Description

Time

  • Played on: Feb. 8, 2024, 5:27 a.m.
  • Length: 15:58

All games in this series

Show
View Real Time Build Order
Export as new Build Order

GuMiho Terran 

Build Orders: Cyclone Opening 

Get SALT Encoding   

  12  0:00  SCV  
  13  0:12  SCV  
  14  0:17  Supply Depot  
  14  0:24  SCV  
  15  0:38  SCV  
  15  0:40  Barracks  
  16  0:43  Refinery  
  16  0:50  SCV  
  16  0:52  Refinery  
  17  1:02  SCV  
  18  1:15  SCV  
  19  1:26  Reaper  
  19  1:27  Orbital Command  
  19  1:31  Supply Depot  
  20  1:39  Factory  
  20  1:52  SCV  
  21  1:59  Reaper  
  22  2:04  SCV  
  23  2:15  Command Center  
  23  2:17  SCV  
  24  2:24  Cyclone  
  24  2:29  SCV  
  27  2:38  Starport  
  27  2:41  SCV  
  28  2:44  Supply Depot  
  28  2:47  Barracks Reactor  
  28  2:53  SCV  
  28  2:57  Cyclone  
  31  3:06  SCV  
  32  3:15  Medivac  
  32  3:18  SCV  
  35  3:23  Marine x2  
  37  3:27  Orbital Command, Refinery  
  37  3:30  SCV  
  37  3:33  Cyclone  
  40  3:41  Marine x2  
  40  3:42  SCV  
  40  3:45  Starport Tech Lab  
  43  3:51  Supply Depot  
  43  3:52  SCV  
  43  3:54  SCV  
  45  3:59  Marine x2  
  47  4:04  Raven  
  47  4:05  SCV  
  47  4:06  SCV  
  50  4:11  Factory Tech Lab  
  50  4:19  SCV x2  
  50  4:20  Marine x2  
  50  4:21  Supply Depot  
  54  4:26  Supply Depot  
  54  4:31  SCV x2  
  56  4:32  Siege Tank  
  59  4:41  Raven  
  59  4:43  SCV x2  
  59  4:45  Marine x2  
  63  4:48  Supply Depot  
  63  4:55  SCV  
  63  4:58  Command Center  
  64  5:02  SCV  
  64  5:03  Marine  
  66  5:07  SCV  
  66  5:09  Siege Tank  
  70  5:15  SCV  
  70  5:16  Raven  
  70  5:19  SCV  
  70  5:20  Supply Depot  
  74  5:27  SCV  
  74  5:28  Marine x2  
  75  5:31  SCV  
  75  5:33  Barracks  
  75  5:35  Barracks  
  78  5:39  SCV  
  79  5:43  SCV  
  79  5:48  Siege Tank  
  84  5:51  SCV  
  84  5:53  Engineering Bay  
  84  5:56  SCV  
  84  6:03  Stimpack  
  84  6:04  SCV, Refinery  
  85  6:07  Medivac x2  
  85  6:08  SCV  
  90  6:11  Engineering Bay  
  90  6:17  Marine  
  91  6:18  Orbital Command  
  91  6:20  SCV x2  
  90  6:35  Siege Tank  
  90  6:36  SCV  
  90  6:37  Viking, SCV  
  90  6:39  Barracks Reactor, Marine  
  98  6:43  Supply Depot  
  98  6:44  Supply Depot  
  98  6:49  Marine, SCV  
  98  6:50  Viking  
  98  6:52  Orbital Command  
  98  6:53  SCV  
  103  6:57  Supply Depot, Marine  
  103  7:01  Supply Depot, SCV  
  105  7:07  Viking  
  107  7:20  Viking, Marine x3  
  107  7:22  SCV x3  
  110  7:31  Marine  
  110  7:35  SCV x3  
  101  7:37  Viking  
  101  7:38  Marine x3  
  97  7:47  SCV x2  
  97  7:48  Marine, SCV  
  102  7:55  Terran Infantry Weapons Level 1, Terran Infantry Armor Level 1, Marine  
  102  7:56  Marine x2  
  105  7:59  SCV  
  105  8:01  Combat Shield  
  106  8:06  Marine, SCV x2  
  106  8:09  Viking x2  
  106  8:10  Barracks  
  106  8:12  Barracks, Refinery  
  111  8:13  Marine, Refinery  
  111  8:14  SCV  
  111  8:18  SCV, Marine x2  
  112  8:24  Marine  
  112  8:25  SCV  
  112  8:26  SCV  
  115  8:30  SCV  
  115  8:31  Marine  
  117  8:34  Siege Tank  
  117  8:36  Marine  
  117  8:37  Barracks Reactor, Armory  
  121  8:42  Marine  
  121  8:44  Command Center  
  121  8:49  Marine  
  121  8:53  SCV x3  
  121  8:54  Sensor Tower  
  121  8:55  Viking x2  
  127  9:01  Marine  
  127  9:02  Marine  
  133  9:03  Barracks Reactor  
  133  9:07  Factory, Supply Depot  
  133  9:08  Supply Depot  
  133  9:09  Barracks Reactor  
  131  9:16  Marine x2  
  131  9:17  Siege Tank, Marine  
  127  9:20  SCV x3  
  132  9:25  Medivac x2  
  132  9:30  Missile Turret, Marine x2  
  138  9:33  Missile Turret  
  138  9:34  Missile Turret, Marine  
  138  9:37  SCV x3  
  142  9:46  Marine x5  
  142  9:47  Marine  
  142  9:51  Terran Infantry Weapons Level 2, Terran Infantry Armor Level 2  
  142  9:52  Terran Vehicle Weapons Level 1  
  148  9:54  Factory Tech Lab  
  148  9:55  Marine, Widow Mine  
  148  9:58  Marine x2  
  148  9:59  Missile Turret  
  152  10:03  Medivac  
  152  10:04  Marine x3  
  157  10:07  Medivac  
  157  10:10  Marine  
  157  10:11  Marine x2  
  157  10:13  Marine  
  163  10:16  Marine x2  
  163  10:18  Planetary Fortress  
  163  10:20  Refinery  
  163  10:21  Marine, Refinery  
  165  10:22  Marine x2  
  168  10:28  Marine  
  168  10:29  Marine x2  
  168  10:31  Marine  
  172  10:38  Marine  
  172  10:41  Supply Depot  
  172  10:42  Sensor Tower, Supply Depot  
  172  10:43  Supply Depot  
  172  10:52  Command Center  
  172  10:53  Marine x4  
  172  11:03  Siege Tank, Marine x5  
  172  11:04  Siege Tank  
  183  11:10  Marine  
  183  11:11  Marine x3  
  160  11:21  Marine x5  
  160  11:28  Marine x2  
  160  11:29  Medivac x2, Marine x2  
  168  11:35  Siege Tank  
  168  11:36  Siege Tank  
  168  11:38  Marine x5  
  175  11:46  Marine x4  
  134  11:56  Marine x5  
  134  11:59  Viking x2  
  136  12:04  Marine x4  
  136  12:08  Siege Tank  
  141  12:14  Marine x5  
  146  12:17  Orbital Command  
  146  12:22  Marine x4  
  148  12:29  Viking x2  
  150  12:32  Marine x5  
  150  12:35  Orbital Command  
  148  12:39  Marine  
  148  12:40  Siege Tank, Marine x3  
  153  12:50  Marine x5  
  120  12:57  Marine x2  
  120  12:58  Marine x2  
  101  13:05  Medivac x2  
  96  13:07  Marine x5  
  96  13:12  Siege Tank, Terran Infantry Weapons Level 3  
  106  13:15  Marine x2  
  106  13:16  Marine x2  
  106  13:19  Terran Infantry Armor Level 3  
  99  13:25  Marine x5  
  99  13:26  SCV x2  
  97  13:29  SCV  
  97  13:33  Marine x4  
  102  13:35  Medivac x2  
  102  13:38  SCV  
  102  13:39  SCV  
  108  13:43  Marine x5  
  108  13:45  SCV  
  113  13:51  Marine x4, SCV  
  117  14:00  Siege Tank  
  117  14:01  Marine x5  
  123  14:04  SCV x2  
  119  14:21  Marine x4  
  119  14:22  Marine x2  
  119  14:23  Marine x2  
  119  14:24  Marine  
  118  14:26  SCV x2  
  118  14:28  Medivac x2  
  125  14:32  Siege Tank  
  125  14:38  SCV x2  
  129  14:39  Orbital Command, SCV, Marine x4  
  129  14:40  Marine  
  129  14:45  Factory  
  126  14:50  SCV x2  
  121  14:53  Marine  
  119  15:01  Marine x3  
  119  15:02  Marine, SCV x2  
  119  15:03  Marine  
  119  15:04  Siege Tank  
  119  15:06  Marine x2  
  130  15:09  Marine  
  130  15:11  Marine  
  132  15:14  SCV x2  
  132  15:18  SCV  
  132  15:19  Marine x3  
  138  15:26  SCV  
  138  15:27  Marine  
  116  15:30  Marine x3  
  116  15:32  Marine x2  
  115  15:36  Marine  
  115  15:37  Marine x2  
Show
View Real Time Build Order
Export as new Build Order

HeroMarine Terran - Winner!

Build Orders: Cyclone Opening 

Get SALT Encoding   

  12  0:00  SCV  
  13  0:12  SCV  
  14  0:17  Supply Depot  
  14  0:24  SCV  
  15  0:38  SCV  
  15  0:40  Barracks  
  16  0:43  Refinery  
  16  0:50  SCV  
  16  0:53  Refinery  
  17  1:03  SCV  
  18  1:15  SCV  
  19  1:27  Orbital Command, Reaper  
  20  1:33  Supply Depot  
  20  1:40  Factory  
  20  1:53  SCV  
  21  1:59  Reaper  
  22  2:05  SCV  
  23  2:16  Command Center  
  23  2:19  SCV  
  24  2:24  Hellion  
  26  2:31  Reaper, SCV  
  26  2:35  Supply Depot  
  28  2:45  Cyclone, SCV  
  31  2:55  Starport  
  31  2:57  SCV  
  32  3:08  Barracks Reactor  
  32  3:09  SCV  
  33  3:19  Factory Tech Lab  
  33  3:21  SCV  
  33  3:24  Refinery  
  34  3:28  Orbital Command  
  34  3:33  Starport Tech Lab, SCV  
  35  3:37  Siege Tank  
  38  3:45  SCV, Marine x2  
  41  3:53  Raven  
  41  3:55  Supply Depot, SCV  
  44  3:58  SCV  
  45  4:03  Marine x2  
  45  4:07  SCV  
  48  4:10  SCV  
  48  4:19  SCV  
  48  4:20  Siege Tank  
  48  4:21  Marine x2  
  48  4:22  SCV  
  54  4:30  Raven  
  56  4:31  SCV  
  56  4:34  SCV  
  57  4:39  Marine x2  
  57  4:42  Interference Matrix  
  57  4:44  SCV  
  59  4:46  SCV, Supply Depot  
  59  4:49  Supply Depot  
  59  4:56  Siege Tank  
  62  5:07  Marine x2  
  62  5:08  SCV x2  
  62  5:11  Raven  
  68  5:20  Command Center, SCV x2  
  70  5:24  Supply Depot  
  70  5:25  Marine x2  
  70  5:28  Siege Tank  
  75  5:30  Supply Depot  
  75  5:32  SCV x2  
  75  5:44  SCV x2  
  77  5:52  Supply Depot, Refinery  
  77  5:56  SCV x2  
  79  5:58  Viking x2  
  79  6:02  Siege Tank, Marine  
  87  6:08  SCV x2  
  89  6:17  Barracks  
  89  6:19  Barracks  
  89  6:20  SCV x2  
  89  6:25  Marine  
  90  6:32  SCV x2  
  85  6:37  Viking x2  
  88  6:43  Marine  
  88  6:44  SCV x2, Engineering Bay  
  88  6:45  Engineering Bay  
  91  6:47  Siege Tank  
  94  6:56  Barracks x2  
  94  6:57  SCV  
  94  6:58  SCV  
  98  7:09  Marine  
  98  7:11  Liberator  
  98  7:12  Liberator  
  102  7:21  Siege Tank  
  101  7:24  Orbital Command  
  101  7:25  SCV  
  101  7:26  SCV  
  103  7:38  SCV x2  
  103  7:39  Barracks Tech Lab  
  101  7:48  Barracks Reactor x2  
  101  7:49  Terran Infantry Weapons Level 1  
  101  7:50  SCV x2  
  101  7:52  SCV, Refinery  
  101  7:53  Barracks Reactor, Refinery  
  102  8:02  SCV x2  
  102  8:04  Stimpack, SCV  
  104  8:11  Supply Depot  
  104  8:12  Supply Depot  
  104  8:14  SCV x2, Marine  
  104  8:16  SCV  
  104  8:18  Factory Tech Lab  
  108  8:20  Barracks  
  108  8:23  Terran Infantry Armor Level 1  
  108  8:26  SCV  
  109  8:31  Refinery  
  109  8:32  Viking, SCV x2, Marine x4  
  117  8:38  Marine  
  117  8:39  Marine x2  
  120  8:47  Sensor Tower  
  117  8:50  Siege Tank, Marine x4  
  117  8:53  Supply Depot  
  117  8:54  Supply Depot  
  124  8:57  Marine  
  124  9:00  Medivac  
  124  9:02  Barracks Tech Lab, Medivac  
  129  9:08  Marine x4  
  133  9:14  Marine  
  131  9:21  Marine  
  131  9:23  Combat Shield  
  132  9:25  Siege Tank  
  132  9:26  Marine x4  
  132  9:28  Supply Depot  
  132  9:29  Supply Depot  
  132  9:30  Viking, Barracks  
  140  9:32  Viking, Marine  
  140  9:37  Marine x2  
  145  9:38  Marine  
  145  9:40  Armory  
  145  9:43  Marine x3  
  149  9:50  Marine x2  
  151  9:53  Supply Depot  
  151  9:55  Supply Depot, Marine x2  
  151  9:56  Marine  
  154  10:00  Viking  
  154  10:01  Siege Tank, Marine x3  
  154  10:02  Viking  
  164  10:08  Marine  
  165  10:14  Marine x4  
  165  10:16  Marine, Supply Depot  
  165  10:19  Marine x3  
  173  10:25  Marine  
  173  10:32  Marine x4  
  173  10:34  Siege Tank  
  180  10:36  Supply Depot, Marine  
  180  10:37  Terran Infantry Weapons Level 2, Terran Infantry Armor Level 2, Marine x3  
  180  10:39  Terran Vehicle Weapons Level 1  
  184  10:43  Medivac x2, Marine  
  189  10:50  Marine x4  
  189  10:54  Marine  
  189  10:55  Marine  
  189  10:58  Marine x2  
  189  11:01  Marine  
  192  11:06  Siege Tank  
  192  11:08  Marine x3  
  192  11:11  Marine x2  
  194  11:12  Marine  
  194  11:13  Medivac x2  
  194  11:15  Marine  
  194  11:16  Marine  
  185  11:19  Marine  
  186  11:26  Marine x3  
  186  11:29  Marine x2  
  186  11:30  Marine  
  186  11:31  Command Center  
  192  11:33  Marine x2  
  192  11:37  Marine  
  192  11:38  Siege Tank  
  193  11:43  Marine x3  
  193  11:46  Marine  
  152  11:47  Marine  
  152  11:48  Marine  
  152  11:51  Marine x2  
  155  11:54  Marine  
  146  12:01  Marine x3  
  146  12:04  Marine  
  146  12:05  Marine  
  146  12:06  Marine  
  152  12:09  Marine x2  
  152  12:10  Siege Tank  
  152  12:12  Marine  
  156  12:19  Marine x3  
  156  12:22  Marine  
  156  12:23  Marine  
  156  12:24  Marine  
  156  12:26  Medivac  
  156  12:27  Marine x2  
  156  12:30  Marine  
  155  12:37  Marine x3  
  155  12:40  Factory, Marine x2  
  155  12:41  Marine  
  158  12:44  Marine  
  158  12:45  Marine  
  158  12:48  Marine  
  152  12:55  Marine x3  
  152  12:56  Siege Tank  
  152  12:58  Marine x2  
  139  12:59  Marine  
  139  13:02  Marine x2  
  134  13:06  Marine  
  134  13:07  Terran Infantry Armor Level 3, Terran Infantry Weapons Level 3, Medivac  
  134  13:08  Medivac  
  134  13:12  Marine, SCV x2  
  135  13:13  Marine x2, SCV  
  135  13:15  Marine  
  135  13:16  Marine  
  135  13:17  Marine  
  128  13:20  Marine x2  
  128  13:23  Marine  
  125  13:28  Siege Tank  
  125  13:30  Marine x2  
  125  13:33  Marine  
  131  13:34  Marine  
  131  13:35  Marine  
  131  13:38  Marine x2  
  134  13:41  Marine  
  134  13:42  Planetary Fortress  
  134  13:43  Barracks Reactor  
  135  13:48  Marine x2  
  137  13:56  Marine x4  
  137  13:59  Siege Tank  
  137  14:00  Siege Tank  
  137  14:02  Marine x2  
  149  14:06  Marine x2  
  147  14:12  Medivac  
  147  14:13  Marine  
  147  14:14  Marine  
  147  14:15  Medivac  
  131  14:28  Reaper  
  131  14:30  Marine  
  131  14:31  Siege Tank, Marine  
  133  14:33  Siege Tank  
  133  14:36  Marine x5  
  141  14:39  Marine x2  
  141  14:42  Medivac  
  135  14:55  Marine x3  
  135  14:59  Marine x6  
  138  15:00  Marine  
  138  15:03  Siege Tank  
  138  15:05  Siege Tank  
  150  15:13  Marine x3  
  151  15:17  Marine x3  
  145  15:28  Marine x2  
  141  15:33  Marine  
  139  15:36  SCV  
  137  15:46  SCV x2  

Tags
 
Add a new tag
Caveats
  • Supply blocks, unpowered buildings, or Contaminate may cause inaccurate times.
  • Supply counts are checked every 10 seconds.